 Dungeon Crawl Stone Soup version 0.18-a0-1229-ge9a1a01 (webtiles) character file.

35 MrRokkomies the Conjurer (level 3, 0/22 HPs)
             Began as an Octopode Conjurer on Feb 4, 2016.
             Hit by a goblin thrown by Robin (2 damage)
             ... on level 2 of the Dungeon.
             The game lasted 00:02:43 (1167 turns).

MrRokkomies the Conjurer (Octopode Conjurer)        Turns: 1167, Time: 00:02:43

Health: 0/22       AC:  1    Str:  7    XL:     3   Next: 35%
Magic:  3/6        EV: 12    Int: 18    God:
Gold:   46         SH:  0    Dex: 12    Spells: 3 memorised, 0 levels left

rFire  . . .     SeeInvis .     f - +0 short sword
rCold  . . .     Gourm    .     (no shield)
rNeg   + . .     Faith    .     (helmet restricted)
rPois  .         Spirit   .     (no amulet)
rElec  .         Dismiss  .     g - ring of positive energy
rCorr  .         Reflect  .     (no ring)
SustAt .         Harm     .     (no ring)
MR     .....                    (no ring)
Stlth  +++.......               (no ring)
                                (no ring)
                                (no ring)
                                (no ring)

@: not resistant to hostile enchantments, fairly stealthy
A: almost no armour, amphibious, 8 rings, constrict 8, camouflage 1, gelatinous
body 1
a: no special abilities


You were on level 2 of the Dungeon.
You were hungry.

You visited 1 branch of the dungeon, and saw 2 of its levels.

You collected 46 gold pieces.

Inventory:

Hand Weapons
 f - a +0 short sword (weapon)
Jewellery
 g - a ring of positive energy (left tentacle)
Scrolls
 d - a scroll of remove curse {unknown}
 h - a scroll of blinking
Potions
 c - a potion of haste {unknown}
 e - 2 potions of curing {unknown}
 i - a potion of flight {unknown}
Books
 a - a book of Conjurations

   Spells                             Type                      Level
   a - Magic Dart                     Conjuration                  1
   b - Searing Ray                    Conjuration                  2
   c - Dazzling Spray                 Conjuration/Hexes            3
   d - Fulminant Prism                Conjuration/Hexes            4
   e - Iskenderun's Mystic Blast      Conjuration                  4
   f - Iskenderun's Battlesphere      Conjuration/Charms           5
Comestibles
 b - a bread ration


   Skills:
 * Level 0.6 Fighting
 - Level 2.0 Dodging
 - Level 2.6 Stealth
 - Level 2.0 Spellcasting
 * Level 5.0 Conjurations


You couldn't memorise any spells.
You knew the following spells:

 Your Spells              Type           Power        Failure   Level  Hunger
a - Magic Dart            Conj           ###.         1%          1    #......
b - Searing Ray           Conj           ###...       3%          2    ###....
c - Dazzling Spray        Conj/Hex       ##......     21%         3    ###....


Dungeon Overview and Level Annotations

Branches:
Dungeon (2/15)

Altars:

Annotations:
D:2 Robin, Terence


Innate Abilities, Weirdness & Mutations

You cannot wear most types of armour.
You are amphibious.
You can wear up to eight rings at the same time.
You can use your tentacles to constrict eight enemies at once.
Your skin changes colour to match your surroundings (Stealth).
Your rubbery body absorbs attacks (AC +1).


Message History

The goblin completely misses you. The goblin hits you with a dagger.
You closely miss the goblin. Your grab misses the goblin.
The goblin barely misses you. x2
You closely miss the goblin. Your grab misses the goblin. The goblin hits you.
The goblin hits you with a dagger.
Casting: Magic Dart
Confirm with . or Enter, or press ? or * to list all spells.
Aiming: Searing Ray
Press: ? - help, Shift-Dir - straight line, f - Robin
Aim: Robin, wielding a club, wearing an animal skin and wearing a runed helmet The searing ray misses the goblin.
The searing ray misses the hobgoblin.
The searing ray hits Robin.
Robin is moderately wounded.
The goblin closely misses you. The goblin barely misses you.
The searing ray hits the goblin.
You kill the goblin!
The goblin hits you with a dagger.
* * * LOW HITPOINT WARNING * * *
Robin throws the goblin at you!
You die...

#.#......#.#
#.#......#.#
#.#..###.#.#
#......#.#.#
######...#.#.#
#........#...#
#.#......###.# ###
#.#...#.##########.....
#.#.#...ggg@g((.(......
#.#.###g##########.....
#.#...........# ###
#.######..g.%.# #..
+gg....# #ggg(..#
##.$g.@.#####
#....%......#
#...........#


You could see Robin, a hobgoblin (frenzied) and 3 goblins.

Vanquished Creatures
  An ooze (D:1)
  A giant gecko (D:2)
  2 giant cockroaches (D:1)
  9 goblins
  4 hobgoblins (D:1)
  A kobold (D:1)
  2 bats (D:1)
  3 giant newts (D:1)
  5 rats
28 creatures vanquished.

Notes
Turn   | Place    | Note
--------------------------------------------------------------
     0 | D:1      | MrRokkomies the Octopode Conjurer began the quest for the Orb.
     0 | D:1      | Reached XP level 1. HP: 11/11 MP: 3/3
   232 | D:1      | Reached XP level 2. HP: 6/17 MP: 5/5
   686 | D:1      | Reached XP level 3. HP: 21/21 MP: 6/6
   870 | D:1      | Reached skill level 5 in Conjurations
  1025 | D:2      | Learned a level 2 spell: Searing Ray
  1029 | D:2      | Learned a level 3 spell: Dazzling Spray
  1076 | D:2      | Noticed Terence
  1157 | D:2      | Noticed Robin
  1167 | D:2      | Hit by a goblin thrown by Robin

Vault maps used:
D:1:      sevenhm_arrival_forest_fort_large_2
D:2:      xom_butterflies, first_bread, uniq_robin, uniq_terence

Action                   || total
-------------------------++-------
Melee: Unarmed           ||    20
       Short sword       ||    32
 Cast: Magic Dart        ||    12
       Searing Ray       ||     1
  Use: Scroll            ||     2
 Stab: Sleeping          ||     8
